 Dungeon Crawl Stone Soup version 0.26-a0-980-g0fe3eaa9ac (webtiles) character file.

Game seed: 2473350267738202396

21968 Maimakterion the Arsonist (level 12, -4/103 HPs)
             Began as a Red Draconian Venom Mage on Dec 5, 2020.
             Was a High Priest of Sif Muna.
             Shot with an arrow by a centaur (12 damage)
             ... on level 3 of the Lair of Beasts.
             The game lasted 00:31:58 (17920 turns).

Maimakterion the Arsonist (DrVM)                   Turns: 17920, Time: 00:31:58

Health: -4/103     AC: 13    Str: 11    XL:     12   Next: 58%
Magic:  18/22      EV: 16    Int: 20    God:    Sif Muna [*****.]
Gold:   930        SH:  5    Dex: 12    Spells: 7/25 levels left

rFire    + + .     SeeInvis .   o - +3 short sword (drain)
rCold    + . .     Faith    +   k - +0 buckler
rNeg     . . .     Spirit   .   (armour unavailable)
rPois    .         Reflect  .   f - +2 hat
rElec    .         Harm     .   v - +0 cloak
rCorr    .         Rampage  .   (no gloves)
MR       .....                  l - +1 pair of boots
Stlth    ++........             L - amulet of faith
HPRegen  0.27/turn              K - ring of protection from cold
MPRegen  0.18/turn              M - ring of protection from fire

@: no status effects
A: breathe fire, unfitting armour, fire resistance 1, cold-blooded, AC +8
a: Breathe Fire, Channel Magic, Forget Spell, Divine Exegesis, Renounce Religion


You were on level 3 of the Lair of Beasts.
You worshipped Sif Muna.
Sif Muna was extremely pleased with you.
You visited 3 branches of the dungeon, and saw 15 of its levels.
You also visited: Ossuary.

You collected 1011 gold pieces.
You spent 81 gold pieces at shops.

Inventory:

Hand Weapons
 o - a +3 short sword of draining (weapon)
Missiles
 d - a throwing net
Armour
 f - a +2 hat (worn)
 k - a +0 buckler (worn)
 l - a +1 pair of boots (worn)
 v - a +0 cloak (worn)
Magical Staves
 q - an uncursed staff of fire
Jewellery
 H - the ring of Meephut {rN+ EV-4 Dex+4}
   (You found it on level 9 of the Dungeon)

   [ring of evasion]

   It affects your evasion (-4).
   It affects your dexterity (+4).
   It protects you from negative energy.
 I - an uncursed amulet of regeneration
 K - a ring of protection from cold (left hand)
 L - an amulet of faith (around neck)
 M - a ring of protection from fire (right hand)
Wands
 p - a wand of flame (36)
 x - a wand of random effects (17)
 F - a wand of polymorph (14)
Scrolls
 a - 2 scrolls of fear
 e - 4 scrolls of remove curse
 s - 6 scrolls of teleportation
 w - 4 scrolls of amnesia
 y - 2 scrolls of magic mapping {unknown}
 B - a scroll of noise {unknown}
 C - 4 scrolls of enchant armour {unknown}
 J - 2 scrolls of enchant weapon
Potions
 b - 4 potions of invisibility
 c - 8 potions of ambrosia
 g - a potion of mutation
 h - 3 potions of brilliance
 i - 2 potions of might
 j - 5 potions of attraction
 m - a potion of cancellation
 n - 6 potions of curing
 r - 3 potions of haste
 t - 3 potions of heal wounds
 u - 3 potions of lignification
 z - 2 potions of magic
 A - 2 potions of flight
 E - a potion of resistance
 G - a potion of berserk rage


   Skills:
 + Level 8.8 Fighting
 + Level 6.7 Short Blades
 + Level 7.5 Dodging
 - Level 1.7 Stealth
 - Level 4.0 Shields
 - Level 7.0 Spellcasting
 * Level 6.7 Conjurations
 - Level 7.0 Transmutations
 + Level 9.0 Fire Magic
 - Level 1.0 Air Magic
 - Level 8.0 Poison Magic
 + Level 2.7 Invocations


You had 7 spell levels left.
You knew the following spells:

 Your Spells              Type           Power        Failure   Level
a - Sting                 Tmut/Pois      ####         1%          1
b - Poisonous Vapours     Pois/Air       ####..       2%          2
c - Mephitic Cloud        Conj/Pois/Air  ####....     3%          3
d - Olgreb's Toxic Radia  Pois           #####...     3%          4
e - Ignite Poison         Fire/Tmut/Pois #####...     1%          3
f - Fireball              Conj/Fire      #####.....   11%         5

Your spell library contained the following spells:

 Spells                   Type           Power        Failure   Level
 Beastly Appendage        Tmut           #####.       1%          1
 Wereblood                Tmut           #####...     1%          2
 Spider Form              Tmut/Pois      #####.....   1%          3
 Inner Flame              Hex/Fire       ####....     4%          3
 Dazzling Flash           Conj/Hex       ###...       7%          3
 Animate Skeleton         Necr           #.....       10%         1
 Corona                   Hex            #......      10%         1
 Pain                     Necr           #...         10%         1
 Ensorcelled Hibernation  Hex/Ice        #.....       14%         2
 Slow                     Hex            #.......     14%         2
 Blade Hands              Tmut           #####.....   14%         5
 Ice Form                 Ice/Tmut       ###.....     22%         4
 Confusing Touch          Hex            #.......     28%         3
 Portal Projectile        Hex/Tloc       #.....       28%         3
 Tukima's Dance           Hex            #.......     28%         3
 Vampiric Draining        Necr           #.........   28%         3
 Starburst                Conj/Fire      #####.....   50%         6
 Hydra Form               Tmut           #####.....   63%         6
 Animate Dead             Necr           #.........   67%         4
 Cause Fear               Hex            #.........   67%         4
 Leda's Liquefaction      Hex/Erth       #.........   67%         4
 Agony                    Necr           #.......     95%         5
 Summon Mana Viper        Hex/Summ       #.......     95%         5
 Shadow Creatures         Summ           N/A          100%        6
 Haunt                    Necr/Summ      #.........   100%        7
 Ignition                 Fire           #####.....   100%        8


Dungeon Overview and Level Annotations

Branches:
Dungeon (11/15)            Temple (1/1) D:4            Lair (3/6) D:11
    Orc (0/2) D:10        Ossuary (visited)
  Swamp: Lair:2-4    Shoals: Lair:2-4     Snake: Lair:2-4    Spider: Lair:2-4

Altars:
Ashenzari
Cheibriados
Dithmenos
Elyvilon
Fedhas
Gozag
Hepliaklqana
Kikubaaqudgha
Makhleb
Nemelex Xobeh
Okawaru
Qazlal
Ru
Sif Muna
Trog
Uskayaw
Vehumet
Wu Jian
Xom
Yredelemnul
Zin
The Shining One

Shops:
D:4 [   D:5 [   D:6 *   D:11 [

Annotations:
D:7 3 runed translucent doors, ThatOtherGuy53's ghost, novice HOMo
D:9 exclusion: oklob plant
D:11 exclusion: 2 skeletal warriors


Innate Abilities, Weirdness & Mutations

You can breathe blasts of fire.
Your fiery red scales are hard. (AC +8)
You cannot fit into any form of body armour.
Your flesh is heat resistant. (rF+)
You are cold-blooded and may be slowed by cold attacks.


Message History

The centaur shoots an arrow.
The arrow misses you. The cane toad barely misses you.
Things that are here:
a +0 shortbow; 20 arrows The centaur shoots an arrow.
The arrow hits you!
* * * LOW HITPOINT WARNING * * *
The centaur shoots an arrow.
You block the arrow.
You see here 2 arrows.
You take 7 damage, and have 17/103 hp.
The cane toad stings you but does no damage.
The centaur shoots an arrow.
You block the arrow.
You see here an arrow.
You have got your breath back.
The centaur shoots an arrow.
The arrow closely misses you.
You see here an arrow.
The cane toad stings you!
* * * LOW HITPOINT WARNING * * *
You take 11 damage, and have 7/103 hp.
The centaur shoots an arrow.
The arrow hits you!
You die...

...........##P##......#..........
....>......#....⌠.<.⌠#...........
...............#.......c.....[..!
................#.⌠.##...........
P..........######...#............
.).###......# #..#..........#
.### #...#..# ###..((.(((....#
..## ######## #.#......()()##..F.
...####.# #@#)..(.##(## .#
.....#.## ##.F..###### ........##
###..# .........### #......
...........## #....##...
...........!# #..#### #..
..........### #P# . ........###
## .......##


You could see a cane toad and a centaur.

Vanquished Creatures
  A hydra (Lair:2)
  A two-headed ogre (D:8)
  A lindwurm (Lair:2)
  Joseph (D:7)
  A centaur zombie (D:11)
  3 black mambas
  3 cane toads
  Maggie (D:7)
  A kobold demonologist (D:11)
  3 komodo dragons
  A rime drake (Lair:2)
  A queen bee (D:9)
  3 hornets (Lair:2)
  4 trolls
  4 blink frogs (Lair:2)
  A vampire (D:10)
  3 wyverns
  3 wraiths
  2 basilisks
  25 yaks
  8 water moccasins
  An ice beast (D:11)
  6 sky beasts
  5 black bears
  5 orc warriors
  A necrophage (D:9)
  A phantom (D:7)
  11 wolves (Lair:1)
  6 centaurs
  An ogre (D:8)
  3 big kobolds
  13 bullfrogs
  A water moccasin zombie (D:5)
  A gnoll sergeant (D:7)
  4 scorpions (D:4)
  24 killer bees (D:9)
  13 wights
  4 howler monkeys
  5 jellies
  2 quasits
  4 hounds
  13 orc wizards
  2 centaur skeletons
  7 orc priests
  Crazy Yiuf (D:4)
  A bullfrog skeleton (D:4)
  Jessica (D:2)
  3 iguanas
  7 worker ants
  8 big kobold zombies (Ossuary)
  A mummy (Ossuary)
  A hound zombie (D:5)
  2 hound skeletons
  7 gnolls (D:7)
  14 adders
  2 shadow imps (D:7)
  3 white imps
  2 ufetubi
  An adder skeleton (D:4)
  2 worms
  3 dart slugs
  3 leopard geckos
  31 orcs
  3 spectral bats (Ossuary)
  A ball python (D:1)
  3 giant cockroaches
  8 goblins
  12 hobgoblins
  12 jackals
  21 kobolds
  6 quokkas
  13 bats
  4 frilled lizards
  4 gnoll zombies (Ossuary)
  2 goblin simulacra (Ossuary)
  3 goblin zombies (Ossuary)
  6 hobgoblin zombies (Ossuary)
  A jackal skeleton (D:6)
  8 kobold simulacra (Ossuary)
  4 kobold zombies (Ossuary)
  5 orc zombies (Ossuary)
  8 rats
  5 rat simulacra (Ossuary)
  3 spectral goblins (Ossuary)
  3 spectral kobolds (Ossuary)
  2 spectral rats (Ossuary)
434 creatures vanquished.

Vanquished Creatures (others)
  6 fungi
  40 plants
46 creatures vanquished.

Grand Total: 480 creatures vanquished

Notes
Turn   | Place    | Note
-------+----------+-------------------------------------------
     0 | D:1      | Maimakterion the Draconian Venom Mage began the quest for
                  | the Orb.
     0 | D:1      | Reached XP level 1. HP: 14/14 MP: 3/3
   221 | D:1      | Reached XP level 2. HP: 22/22 MP: 0/5
   295 | D:1      | Learned a level 2 spell: Poisonous Vapours
   562 | D:1      | Reached skill level 1 in Air Magic
   793 | D:1      | Reached XP level 3. HP: 27/27 MP: 4/6
   797 | D:1      | Learned a level 3 spell: Mephitic Cloud
  1091 | D:1      | Reached skill level 1 in Fighting
  1701 | D:2      | Noticed Jessica
  1713 | D:2      | Killed Jessica
  1714 | D:2      | Reached XP level 4. HP: 35/35 MP: 3/7
  1864 | D:2      | Reached skill level 1 in Shields
  1932 | D:2      | Reached skill level 1 in Conjurations
  2484 | D:3      | Reached XP level 5. HP: 25/40 MP: 8/8
  2488 | D:3      | Learned a level 3 spell: Ignite Poison
  2683 | D:3      | Found a faded altar of an unknown god.
  3536 | D:3      | Found a glowing golden altar of the Shining One.
  3539 | D:3      | Found a stormy altar of Qazlal.
  3542 | D:3      | Found a hazy altar of Hepliaklqana.
  3716 | D:4      | Found a staircase to the Ecumenical Temple.
  3722 | D:4      | Reached skill level 1 in Fire Magic
  3729 | Temple   | Entered the Ecumenical Temple
  4029 | Temple   | Became a worshipper of Sif Muna the Loreminder
  4072 | D:4      | Reached XP level 6. HP: 37/48 MP: 10/10
  4529 | D:4      | Your scales start taking on a fiery red colour.
  4529 | D:4      | Reached XP level 7. HP: 56/56 MP: 8/11
  4529 | D:4      | Gained mutation: Your flesh is heat resistant. (rF+) [Red
                  | Draconian growth]
  4629 | D:4      | Found a runed translucent door.
  4630 | D:4      | Noticed Crazy Yiuf
  4656 | D:4      | Found Ruicex's Armour Shop.
  5146 | D:4      | Killed Crazy Yiuf
  5205 | D:5      | Entered Level 5 of the Dungeon
  5453 | D:5      | Found a hide-covered altar of Uskayaw.
  5683 | D:5      | Found Tofoh's Armour Shop.
  5703 | D:5      | Reached skill level 2 in Fire Magic
  6202 | D:6      | Found Zifoosoh's Assorted Antiques.
  6230 | D:6      | Found a sand-covered staircase.
  6249 | Ossuary  | Entered an ossuary
  6270 | Ossuary  | Reached * piety under Sif Muna
  6364 | Ossuary  | Reached ** piety under Sif Muna
  6460 | Ossuary  | Reached XP level 8. HP: 63/63 MP: 13/13
  6946 | Ossuary  | Learned a level 4 spell: Olgreb's Toxic Radiance
  6975 | D:6      | Bought an emerald potion for 18 gold pieces
  6975 | D:6      | Bought a scroll labelled HOMNUU DACW for 21 gold pieces
  6975 | D:6      | Bought a scroll labelled QUQA ROWEXAP for 21 gold pieces
  6975 | D:6      | Bought a scroll labelled VEGEWKE WOOJOFU for 21 gold pieces
  7029 | D:6      | Reached *** piety under Sif Muna
  7197 | D:6      | Noticed a troll
  7201 | D:6      | Killed a troll
  7202 | D:6      | Reached skill level 3 in Fire Magic
  7316 | D:6      | Reached skill level 5 in Poison Magic
  7932 | D:7      | Reached skill level 4 in Fire Magic
  8073 | D:7      | Reached XP level 9. HP: 72/72 MP: 15/15
  8081 | D:7      | Noticed Joseph
  8088 | D:7      | Killed Joseph
  8089 | D:7      | Reached skill level 1 in Short Blades
  8235 | D:7      | Found a runed translucent gate.
  8235 | D:7      | Found an opulent altar of Gozag.
  8235 | D:7      | Noticed a meliai
  8236 | D:7      | Found a runed translucent gate.
  8236 | D:7      | Found a runed translucent gate.
  8236 | D:7      | Noticed ThatOtherGuy53's ghost (novice HOMo)
  8333 | D:7      | Reached skill level 5 in Fighting
  8792 | D:7      | Noticed Maggie
  8811 | D:7      | Reached skill level 5 in Transmutations
  8821 | D:7      | Killed Maggie
  8822 | D:7      | Reached skill level 5 in Spellcasting
  8822 | D:7      | Reached skill level 5 in Fire Magic
  9177 | D:8      | Noticed a two-headed ogre
  9183 | D:8      | Killed a two-headed ogre
  9184 | D:8      | Reached skill level 5 in Dodging
  9214 | D:8      | Reached XP level 10. HP: 51/83 MP: 8/17
  9591 | D:8      | Reached **** piety under Sif Muna
  9725 | D:8      | Reached skill level 6 in Fire Magic
 10902 | D:9      | Reached ***** piety under Sif Muna
 11088 | D:9      | Noticed an oklob plant
 11089 | D:9      | Found a basalt altar of Yredelemnul.
 11201 | D:9      | Got a glittering bronze ring
 11202 | D:9      | Identified the cursed ring of Meephut {rN+ EV-4 Dex+4} (You
                  | found it on level 9 of the Dungeon)
 11610 | D:10     | Entered Level 10 of the Dungeon
 11699 | D:10     | Reached skill level 7 in Fire Magic
 11935 | D:10     | Received a gift from Sif Muna
 11970 | D:9      | Learned a level 5 spell: Fireball
 12262 | D:10     | Reached XP level 11. HP: 92/92 MP: 11/19
 12994 | D:10     | Found a staircase to the Orcish Mines.
 13054 | D:11     | Found a staircase to the Lair.
 13223 | D:11     | Reached skill level 5 in Short Blades
 13262 | D:10     | Reached skill level 1 in Invocations
 13680 | D:11     | Noticed a skeletal warrior
 13680 | D:11     | Noticed a skeletal warrior
 14203 | D:11     | Found Eczen's Antique Armour Shop.
 14347 | D:11     | Noticed a skeletal warrior
 14347 | D:11     | Noticed a skeletal warrior
 14390 | Lair:1   | Entered Level 1 of the Lair of Beasts
 14640 | Lair:1   | Identified Sif Muna's Tome of Creative Transmigration (Sif
                  | Muna gifted it to you on level 1 of the Lair of Beasts)
 14640 | Lair:1   | Received a gift from Sif Muna
 15208 | Lair:1   | Reached skill level 8 in Fire Magic
 15340 | Lair:1   | You fall into a shaft and drop 1 floor!
 15500 | Lair:2   | Reached XP level 12. HP: 77/101 MP: 22/22
 15838 | Lair:2   | Reached skill level 5 in Conjurations
 17348 | Lair:2   | Noticed an eight-headed hydra
 17355 | Lair:2   | Killed an eight-headed hydra
 17847 | Lair:3   | Reached skill level 9 in Fire Magic
 17920 | Lair:3   | Shot with an arrow by a centaur

Illustrated notes

Levels and vault maps discovered:
D:1:      lightli_arrival_flooded_house, layout_basic, grunt_decor_resistance,
          minmay_tripent
D:2:      layout_loops_ring, uniq_jessica
D:3:      layout_basic, grunt_temple_overflow_diamond,
          chequers_ecumenical_altar_lobes
D:4:      layout_cave_pools, minmay_temple_entry_tees, serial_shops, shop,
          uniq_crazy_yiuf_cottage
D:5:      layout_loops_ring, general_overflow_altar, serial_shops,
          nicolae_shop_trees
D:6:      layout_loops_ring, serial_shops, shop, chequers_ossuary_entry_cave
D:7:      layout_loops_ring, ebering_ghost_gozag, uniq_maggie, uniq_joseph
D:8:      layout_cave_pools, st_stairs_14, hangedman_decor_points
D:9:      layout_loops_ring, special_room [special_room_bee],
          corexii_leaking_fountain, lemuel_oklob_altar
D:10:     layout_rooms, david_orc_4
D:11:     minmay_stone_box, layout_loops_ring, lair_entry_dummy,
          serial_aquarium, aquarium_bridge_square [aquarium_subvault_wall,
          aquarium_subvault_bridge, aquarium_subvault_balcony,
          aquarium_subvault_window], aquarium_bridge_square
          [aquarium_subvault_bridge, aquarium_subvault_wall,
          aquarium_subvault_bridge, aquarium_subvault_balcony],
          aquarium_window_1, aquarium_window_fake, aquarium_view_2b,
          aquarium_view_2a, serial_shops, nicolae_shop_statue_plus,
          minmay_mirror_moons_of_madness
Temple:   dpeg_five_rooms_temple
Lair:1:   layout_cave_shapes, grunt_megastairs_4
Lair:2:   cheibrodos_lair_overgrown_chateau, layout_loops_ring
Lair:3:   layout_cave_pods, minmay_shoals_entry_centaurs, hibernation_bobbens,
          grunt_megastairs_3, minmay_lair_oklob_chamber, serial_bayou_shore_b

Skill      XL: |  1  2  3  4  5  6  7  8  9 10 11 12 |
---------------+-------------------------------------+-----
Dodging        | 2 3 4 5 6 7 |  7.5
Air Magic      | 1 |  1.0
Fighting       | 1 2 3 4 6 7 8 |  8.8
Shields        | 1 2 3 4 |  4.0
Conjurations   | 1 4 6 |  6.7
Transmutations | 2 3 4 5 6 7 |  7.0
Fire Magic     | 1 2 4 5 7 8 9 |  9.0
Spellcasting   | 3 4 5 7 |  7.0
Poison Magic   | 4 5 6 7 8 |  8.0
Short Blades   | 3 4 5 6 |  6.7
Invocations    | 1 2 |  2.7
Stealth        | |  1.7

Action                   |  1- 3 |  4- 6 |  7- 9 | 10-12 || total
-------------------------+-------+-------+-------+-------++-------
Melee: Unarmed           |    41 |       |       |       ||    41
       Tailslap          |     6 |    10 |    51 |    62 ||   129
       Dagger            |       |    37 |       |       ||    37
       Short sword       |       |   138 |   410 |   574 ||  1122
 Cast: Sting             |    76 |    20 |    31 |     2 ||   129
       Poisonous Vapours |       |     1 |     6 |       ||     7
       Ignite Poison     |       |       |    13 |    33 ||    46
       Mephitic Cloud    |       |       |    18 |    33 ||    51
       Olgreb's Toxic Ra |       |       |     5 |    40 ||    45
 Abil: Breathe Fire      |       |       |    12 |    24 ||    36
  Use: Scroll            |       |       |    16 |    11 ||    27
       Potion            |       |       |       |     2 ||     2
 Stab: Sleeping          |       |     3 |     6 |     2 ||    11
       Distracted        |       |       |     1 |       ||     1
       Confused          |       |       |       |     2 ||     2
Armor: Skin              |    24 |    79 |   142 |   164 ||   409
Dodge: Dodged            |    47 |   117 |   257 |   408 ||   829
Block: Buckler           |     4 |    33 |    96 |   135 ||   268

Table legend: (Time is in decaauts)
 A = Elapsed time spent in this place.
 B = Non-inter-level travel time spent in this place.
 C = Inter-level travel time spent in this place.
 D = Time resting spent in this place.
 E = Time spent auto-exploring this place.
 F = Levels seen in this place.
 G = Mean time per level.
                   A        B        C        D        E       F      G
               +--------+--------+--------+--------+--------+-----+--------+
         Total |  17889 |  17349 |    540 |   3724 |  10418 |  16 | 1118.1 |
       Dungeon |  13205 |  12800 |    405 |   2576 |   7837 |  11 | 1200.5 |
        Temple |    478 |    419 |     59 |    144 |    271 |   1 |  478.0 |
          Lair |   3481 |   3405 |     76 |    894 |   2020 |   3 | 1160.3 |
       Ossuary |    723 |    723 |      0 |    110 |    290 |   1 |  723.0 |
               +--------+--------+--------+--------+--------+-----+--------+

Top non-repeatable levels by time:
  Lair:2: 2024 daAuts
     D:7: 1600 daAuts
     D:9: 1563 daAuts
     D:1: 1349 daAuts
     D:3: 1311 daAuts
    D:10: 1249 daAuts
    D:11: 1213 daAuts
  Lair:1: 1206 daAuts
     D:2: 1064 daAuts
     D:5: 1023 daAuts
     D:4: 1022 daAuts
     D:8: 914 daAuts
     D:6: 894 daAuts
 Ossuary: 723 daAuts
  Temple: 478 daAuts
